 Dungeon Crawl Stone Soup version 0.22-a0-322-g60b3cfd (webtiles) character file.

1421 BrocoLee the Gusty (level 8, -6/58 HPs)
             Began as a Gnoll Air Elementalist on Apr 5, 2018.
             Was a Follower of Vehumet.
             Killed by divine providence
             ... invoked by an orc priest
              (16 damage)
             ... on level 7 of the Dungeon.
             The game lasted 00:18:33 (3237 turns).

BrocoLee the Gusty (Gnoll Air Elementalist)         Turns: 3237, Time: 00:18:34

Health: -6/58      AC: 11    Str: 10    XL:     8   Next: 72%
Magic:  2/17       EV: 15    Int: 19    God:    Vehumet [*.....]
Gold:   202        SH:  0    Dex: 17    Spells: 15/19 levels left

rFire    . . .     SeeInvis .   s - +1 trident (vamp)
rCold    . . .     Gourm    .   (no shield)
rNeg     . . .     Faith    .   h - +3 leather armour
rPois    +         Spirit   .   p - +0 helmet
rElec    .         Reflect  .   d - +0 cloak
rCorr    .         Harm     .   b - +2 pair of gloves
MR       .....                  (no boots)
Stlth    +++.......             (no amulet)
HPRegen  0.19/turn              g - ring of poison resistance
MPRegen  0.15/turn              (no ring)

@: no status effects
A: distributed training, fangs 1, strong nose
a: Renounce Religion


You were on level 7 of the Dungeon.
You worshipped Vehumet.
Vehumet was aware of your devotion.
You were not hungry.

You visited 2 branches of the dungeon, and saw 6 of its levels.

You collected 202 gold pieces.

Inventory:

Hand Weapons
 s - a +1 vampiric trident (weapon)
Missiles
 e - 2 throwing nets (quivered)
Armour
 a - a +0 robe
 b - a +2 pair of gloves (worn)
 d - a +0 cloak (worn)
 h - a +3 leather armour (worn)
 p - a +0 helmet (worn)
Jewellery
 g - a ring of poison resistance (left hand)
Scrolls
 f - 3 scrolls of remove curse
 i - a scroll of fog
 m - 4 scrolls of identify {unknown}
 q - a scroll of amnesia
Potions
 j - a potion of mutation {unknown}
 k - a potion of brilliance {unknown}
 l - a potion of cancellation {unknown}
Comestibles
 c - 11 rations
 o - 2 chunks of flesh


   Skills:
 + Level 3.4 Fighting
 + Level 3.4 Short Blades
 + Level 3.4 Long Blades
 + Level 3.4 Axes
 + Level 3.4 Maces & Flails
 + Level 3.4 Polearms
 + Level 3.4 Staves
 + Level 3.4 Slings
 + Level 3.4 Bows
 + Level 3.4 Crossbows
 + Level 3.4 Throwing
 + Level 3.4 Armour
 + Level 5.8 Dodging
 + Level 5.5 Stealth
 + Level 3.4 Shields
 + Level 3.4 Unarmed Combat
 + Level 6.1 Spellcasting
 + Level 3.6 Conjurations
 + Level 2.8 Hexes
 + Level 2.8 Charms
 + Level 2.8 Summonings
 + Level 2.8 Necromancy
 + Level 2.8 Translocations
 + Level 2.8 Transmutations
 + Level 2.8 Fire Magic
 + Level 2.8 Ice Magic
 + Level 6.2 Air Magic
 + Level 2.8 Earth Magic
 + Level 2.8 Poison Magic
 + Level 3.8 Invocations
 + Level 3.4 Evocations


You had 15 spell levels left.
You knew the following spells:

 Your Spells              Type           Power        Failure   Level  Hunger
a - Shock                 Conj/Air       ###.         1%          1    None
b - Static Discharge      Conj/Air       ###.....     6%          3    ##.....


Dungeon Overview and Level Annotations

Branches:
Dungeon (4/15)             Temple (1/1) D:4

Altars:
Elyvilon
Fedhas
Kikubaaqudgha
Nemelex Xobeh
Qazlal
Vehumet
The Shining One

Annotations:
D:4 Dowan


Innate Abilities, Weirdness & Mutations

Your experience applies equally to all skills.
You have very sharp teeth.
Your uncanny sense of smell can sniff out nearby items.


Message History

* * * LOW HITPOINT WARNING * * *
You take 19 damage, and have 3/58 hp.
MASSIVE DAMAGE!!
You feel better. Something hits you but does no damage.
You regained 8 hp, and now have 11/58 hp.
Unknown command.
Okay, then.
You barely miss something. You closely miss something.
Something hits you but does no damage. x2
You hit something. Something hits you.
* * * LOW HITPOINT WARNING * * *
Something hits you but does no damage.
You take 2 damage, and have 9/58 hp.
You miss something.
The orc priest looks satisfied for a moment.
Unknown command.
You miss something. Something hits you but does no damage.
The orc priest mumbles some strange prayers to Beogh against you.
Beogh smites you!
You die...

#### #.)....
##..#####......
###..[...........
####........##......
#.....####.###......
##....# #.# #......
##..## #.#########
.########..#
#......[...
...).o5{@..#
###########
.....#####..# <..
#.# . ..# #.# .# .#


You could see an orc priest and a shadow imp.

Vanquished Creatures
  Grinder (D:3)
  Sigmund (D:2)
  Eustachio (D:4)
  Duvessa (D:4)
  An orc warrior (D:7)
  A phantom (D:4)
  A big kobold (D:4)
  A bullfrog (D:7)
  A jelly (D:7)
  A hound (D:4)
  4 orc wizards
  Natasha (thrice) (D:2)
  Robin (D:4)
  10 gnolls
  4 adders
  An adder skeleton (D:4)
  2 worms (D:3)
  4 dart slugs
  2 leopard geckos (D:1)
  11 orcs
  6 bats
  2 giant cockroaches
  13 goblins
  7 hobgoblins
  11 jackals
  4 frilled lizards
  16 kobolds
  A leopard gecko skeleton (D:7)
  5 rats
117 creatures vanquished.

Notes
Turn   | Place    | Note
-------+----------+-------------------------------------------
     0 | D:1      | BrocoLee the Gnoll Air Elementalist began the quest for the Orb.
     0 | D:1      | Reached XP level 1. HP: 13/13 MP: 6/6
   111 | D:1      | Reached XP level 2. HP: 19/19 MP: 4/7
   422 | D:1      | Reached XP level 3. HP: 25/25 MP: 7/9
   551 | D:2      | Reached skill level 5 in Spellcasting
   556 | D:2      | Learned a level 3 spell: Static Discharge
   795 | D:2      | Noticed Natasha
   800 | D:2      | Killed Natasha
   800 | D:2      | Reached skill level 1 in Fighting
   800 | D:2      | Reached skill level 1 in Short Blades
   800 | D:2      | Reached skill level 1 in Long Blades
   800 | D:2      | Reached skill level 1 in Axes
   800 | D:2      | Reached skill level 1 in Maces & Flails
   800 | D:2      | Reached skill level 1 in Polearms
   800 | D:2      | Reached skill level 1 in Staves
   800 | D:2      | Reached skill level 1 in Slings
   800 | D:2      | Reached skill level 1 in Bows
   800 | D:2      | Reached skill level 1 in Crossbows
   800 | D:2      | Reached skill level 1 in Throwing
   800 | D:2      | Reached skill level 1 in Armour
   800 | D:2      | Reached skill level 1 in Shields
   800 | D:2      | Reached skill level 1 in Unarmed Combat
   800 | D:2      | Reached skill level 1 in Invocations
   800 | D:2      | Reached skill level 1 in Evocations
   834 | D:2      | Found a white marble altar of Elyvilon.
   834 | D:2      | Found a glowing golden altar of the Shining One.
   869 | D:2      | Found a stormy altar of Qazlal.
   900 | D:2      | Noticed Natasha
   906 | D:2      | Killed Natasha
   906 | D:2      | Reached XP level 4. HP: 27/32 MP: 3/11
   913 | D:2      | Noticed Natasha
   924 | D:2      | Killed Natasha
   924 | D:2      | Reached skill level 1 in Hexes
   924 | D:2      | Reached skill level 1 in Charms
   924 | D:2      | Reached skill level 1 in Summonings
   924 | D:2      | Reached skill level 1 in Necromancy
   924 | D:2      | Reached skill level 1 in Translocations
   924 | D:2      | Reached skill level 1 in Transmutations
   924 | D:2      | Reached skill level 1 in Fire Magic
   924 | D:2      | Reached skill level 1 in Ice Magic
   924 | D:2      | Reached skill level 1 in Earth Magic
   924 | D:2      | Reached skill level 1 in Poison Magic
   958 | D:2      | Noticed Sigmund
  1158 | D:2      | Killed Sigmund
  1158 | D:2      | Reached XP level 5. HP: 27/38 MP: 4/12
  1158 | D:2      | Reached XP level 6. HP: 31/44 MP: 4/13
  1381 | D:3      | Noticed Grinder
  1389 | D:3      | Paralysed by Grinder for 2 turns
  1635 | D:3      | Paralysed by Grinder for 2 turns
  1645 | D:3      | Killed Grinder
  1645 | D:3      | Reached skill level 5 in Dodging
  1645 | D:3      | Reached XP level 7. HP: 18/50 MP: 0/15
  2442 | D:4      | Noticed Eustachio
  2603 | D:4      | Killed Eustachio
  2603 | D:4      | Reached skill level 5 in Stealth
  2748 | D:4      | Reached XP level 8. HP: 50/57 MP: 4/16
  2854 | D:4      | Found a staircase to the Ecumenical Temple.
  2882 | Temple   | Entered the Ecumenical Temple
  2890 | Temple   | Became a worshipper of Vehumet
  2977 | D:4      | Noticed Robin
  2993 | D:4      | Killed Robin
  3097 | D:4      | Noticed Duvessa
  3102 | D:4      | Noticed Dowan
  3109 | D:4      | Killed Duvessa
  3110 | D:4      | You fall through a shaft for 3 floors!
  3201 | D:7      | Reached * piety under Vehumet
  3201 | D:7      | Offered knowledge of Magic Dart by Vehumet.
  3237 | D:7      | Killed from afar by an orc priest

Vault maps used:
D:1:      moated_graveyard_arrival
D:2:      overflow_temple_1_default, gammafunk_temple_overflow_elements,
          uniq_sigmund, uniq_natasha
D:3:      uniq_grinder
D:4:      grunt_temple_overflow_order_and_chaos_1, minmay_temple_entry_hall,
          first_ration, serial_park_tiny_2, lexackson_kobold_supper, uniq_robin,
          uniq_eustachio, uniq_duvessa
D:7:      nicolae_overflow_hidden_temple, grunt_gozag_statues
Temple:   dpeg_three_leaves_temple

Skill      XL: |  1  2  3  4  5  6  7  8 |
---------------+-------------------------+-----
Conjurations   | 2 3 |  3.6
Spellcasting   | 5 6 |  6.1
Fighting       | 1 2 3 |  3.4
Short Blades   | 1 2 3 |  3.4
Long Blades    | 1 2 3 |  3.4
Axes           | 1 2 3 |  3.4
Maces & Flails | 1 2 3 |  3.4
Polearms       | 1 2 3 |  3.4
Staves         | 1 2 3 |  3.4
Slings         | 1 2 3 |  3.4
Bows           | 1 2 3 |  3.4
Crossbows      | 1 2 3 |  3.4
Throwing       | 1 2 3 |  3.4
Armour         | 1 2 3 |  3.4
Shields        | 1 2 3 |  3.4
Unarmed Combat | 1 2 3 |  3.4
Invocations    | 1 2 3 |  3.8
Evocations     | 1 2 3 |  3.4
Hexes          | 1 2 |  2.8
Charms         | 1 2 |  2.8
Summonings     | 1 2 |  2.8
Necromancy     | 1 2 |  2.8
Translocations | 1 2 |  2.8
Transmutations | 1 2 |  2.8
Fire Magic     | 1 2 |  2.8
Ice Magic      | 1 2 |  2.8
Earth Magic    | 1 2 |  2.8
Poison Magic   | 1 2 |  2.8
Dodging        | 5 |  5.8
Stealth        | 5 |  5.5
Air Magic      | 6 |  6.2

Action                   |  1- 3 |  4- 6 |  7- 9 || total
-------------------------+-------+-------+-------++-------
Melee: Unarmed           |     9 |     7 |       ||    16
       Bite              |     1 |       |    11 ||    12
       Long sword        |       |       |    31 ||    31
       Rapier            |       |       |     4 ||     4
       Quarterstaff      |       |       |    33 ||    33
       Trident           |       |       |    30 ||    30
 Cast: Shock             |    50 |    24 |   110 ||   184
       Static Discharge  |       |    11 |    21 ||    32
  Use: Scroll            |     1 |       |     4 ||     5
       Potion            |       |     2 |     1 ||     3
 Stab: Sleeping          |     1 |       |     3 ||     4
  Eat: Chunk             |       |     2 |     6 ||     8
       Ration            |       |       |     2 ||     2
Armor: Robe              |    12 |     4 |    18 ||    34
       Leather armour    |       |       |    38 ||    38
Dodge: Dodged            |    20 |    25 |   109 ||   154
       Rpst.: Long sword |       |       |    11 ||    11

Table legend:
 A = Spawn XP
 B = Non-spawn XP
 C = Spawn XP percentage of total XP
 D = Spawn monster count
 E = Non-spawn monster count
 F = Spawn count percentage of total count
 G = Total turns spent on level
                    A         B        C        D         E        F      G
               +---------+---------+-------+---------+---------+-------+---------
         Total |       0 |    2030 |   0.0 |       0 |     117 |   0.0 |  3237
               +---------+---------+-------+---------+---------+-------+---------
           D:1 |       0 |      35 |   0.0 |       0 |      21 |   0.0 |   548
           D:2 |       0 |     349 |   0.0 |       0 |      16 |   0.0 |  1012
           D:3 |       0 |     514 |   0.0 |       0 |      32 |   0.0 |   928
           D:4 |       0 |     767 |   0.0 |       0 |      38 |   0.0 |   605
           D:7 |       0 |     365 |   0.0 |       0 |      10 |   0.0 |   127
               +---------+---------+-------+---------+---------+-------+---------
